Map: Chain of Ascension

Players

LilArrin

  • Race: Terran Terran
  • Spawn Location: 11:00

LilArrin

  • Race: Protoss Protoss
  • Spawn Location: 11:00

VOD

Have the link to the VOD?

Description

Time

  • Played on: Feb. 6, 2018, 1:29 a.m.
  • Length: 15:50
Show
View Real Time Build Order
Export as new Build Order

LilArrin Terran 

Build Orders:  

Get SALT Encoding   

  12  0:03  SCV  
  13  0:20  SCV  
  14  0:32  Supply Depot  
  14  0:37  SCV  
  15  0:53  SCV  
  16  1:10  SCV  
  17  1:23  Command Center  
  17  1:27  SCV  
  18  1:44  SCV  
  18  1:47  Barracks  
  19  2:01  SCV  
  20  2:21  Orbital Command  
  20  2:43  Command Center  
  20  3:03  Orbital Command  
  20  3:06  Marine  
  20  3:07  Bunker  
  21  3:16  Refinery, Marine  
  22  3:20  SCV  
  22  3:26  Marine  
  24  3:31  Refinery  
  24  3:37  Marine, SCV  
  26  3:51  Barracks  
  26  3:57  SCV  
  27  4:03  Barracks Tech Lab  
  27  4:14  SCV  
  28  4:22  Orbital Command  
  28  4:24  Barracks  
  28  4:25  Orbital Command  
  28  4:35  Factory  
  28  4:48  SCV  
  29  4:54  Barracks Reactor, Barracks Tech Lab  
  29  4:59  SCV  
  30  5:05  Barracks Reactor, Supply Depot, SCV  
  31  5:10  SCV  
  31  5:16  SCV  
  33  5:24  Combat Shields  
  33  5:28  Marine  
  34  5:30  SCV x2  
  33  5:35  Supply Depot  
  33  5:38  Marine  
  36  5:43  Vulture  
  36  5:44  Replenishable Magazine  
  39  5:53  Vulture  
  41  6:00  SCV  
  41  6:01  SCV  
  41  6:03  Vulture  
  41  6:04  Supply Depot, Marine  
  46  6:13  Vulture  
  46  6:19  Medic, Marine  
  39  6:20  Marine  
  48  6:21  SCV  
  48  6:23  Vulture  
  48  6:26  SCV  
  56  6:30  Supply Depot  
  56  6:34  Vulture  
  56  6:36  Medic, Marine x2  
  62  6:42  Supply Depot  
  62  6:44  Cerberus Mines, Vulture  
  62  6:45  Marine  
  65  6:54  Marine, Vulture  
  65  6:55  Medic, Marine  
  71  7:03  SCV  
  71  7:04  Vulture, SCV  
  71  7:06  Medic  
  77  7:13  Marine  
  77  7:14  Vulture  
  80  7:35  Marine x2  
  80  7:36  Medic  
  84  7:54  Marine x2  
  84  7:55  Marine  
  83  8:04  Marine  
  83  8:06  Marine  
  84  8:12  Marine, Factory Reactor  
  84  8:18  Marine x2  
  84  8:24  SCV  
  86  8:47  Marine  
  86  8:48  Medic, Marine  
  86  8:51  Marine  
  86  8:58  SCV  
  86  8:59  SCV  
  93  9:06  Supply Depot  
  93  9:07  Marine  
  93  9:19  SCV  
  93  9:22  Marine x3  
  93  9:28  Marine  
  95  9:34  Marine x2  
  95  9:37  Engineering Bay  
  98  9:40  Marine x2  
  98  9:49  Stabilizer Medpacks  
  98  9:50  Supply Depot  
  98  9:58  Marine, SCV  
  99  10:19  Medic, Marine x3  
  99  10:28  Marine  
  99  10:29  Marine  
  104  10:30  Terran Infantry Weapons Level 1  
  104  10:33  Marine x2  
  108  10:41  Marine  
  109  10:52  Supply Depot  
  109  10:53  Medic, Marine  
  109  10:54  Supply Depot  
  109  10:55  Marine x2  
  114  11:08  Marine x2  
  114  11:27  Marine  
  114  11:29  Marine  
  107  11:42  Marine x2  
  107  11:44  Marine  
  109  11:51  Marine  
  109  11:54  Marine  
  111  12:06  Marine  
  112  12:15  Marine  
  112  12:17  Marine x2  
  112  12:18  Medic  
  110  12:24  Marine  
  111  12:31  Marine  
  111  12:41  Medic, Marine x2  
  111  12:42  Marine  
  111  12:48  Vulture x2  
  111  12:51  Marine x2  
  111  12:59  Vulture  
  111  13:10  Vulture  
  111  13:11  Vulture  
  111  13:12  Marine  
  115  13:38  Vulture x2  
  115  13:41  Marine x2  
  119  14:03  Medic, Marine x2  
  123  14:11  Marine  
  123  14:13  Marine x3  
  123  14:15  Medic  
  121  14:30  Marine x2, Supply Depot  
  121  14:31  Supply Depot  
  121  14:32  Marine x2  
  121  14:34  Marine  
  126  14:40  Marine  
  126  14:41  Marine  
  128  15:12  Marine  
  128  15:16  Marine  
  128  15:31  Marine x2  
  128  15:32  Medic  
Show
View Real Time Build Order
Export as new Build Order

LilArrin Protoss 

Build Orders:  

Get SALT Encoding   

  12  0:07  Probe (Chrono Boost)  
Tags
 
Add a new tag
Caveats
  • Supply blocks, unpowered buildings, or Contaminate may cause inaccurate times.
  • Supply counts are checked every 10 seconds.